 Dungeon Crawl Stone Soup version 0.30-a0-728-gc68057be0a (webtiles) character file.

Game seed: 9160995693450695048

2445 drugrobin the Grappler (level 9, -9/71 HPs)
             Began as a Demigod Delver on Jan 31, 2023.
             Shot with a bolt by an orc warrior (17 damage)
             ... on level 7 of the Dungeon.
             The game lasted 00:19:37 (7710 turns).

drugrobin the Grappler (Demigod Delver)             Turns: 7710, Time: 00:19:37

Health: -9/71      AC: 10    Str: 25    XL:     9   Next: 5%
Magic:  11/11      EV:  8    Int: 12    God:
Gold:   393        SH:  3    Dex: 15    Spells: 8/8 levels left

rFire   . . .      SeeInvis .      - Unarmed
rCold   . . .      Faith    .    m - +0 buckler
rNeg    . . .      Spirit   .    j - +0 chain mail
rPois   .          Reflect  .    E - +0 helmet
rElec   .          Harm     .    l - +0 cloak
rCorr   +          Rampage  .    (no gloves)
Will    +....                    (no boots) Stlth
                                 (no amulet)
HPRegen 0.31/turn                C - ring of resist corrosion
MPRegen 0.12/turn                v - ring of willpower

@: no status effects
A: high MP 1, forlorn, divine attributes
a: no special abilities


You were on level 7 of the Dungeon.
You visited 1 branch of the dungeon, and saw 8 of its levels.

You collected 393 gold pieces.

Inventory:

Hand Weapons
 b - a +0 sling
 c - a +0 dagger of venom
 k - a +1 demon whip of venom
Missiles
 t - 3 boomerangs (quivered)
 A - 3 poisoned darts
Armour
 a - a +0 leather armour
 j - a +0 chain mail (worn)
 l - a +0 cloak (worn)
 m - a +0 buckler (worn)
 E - a +0 helmet (worn)
Magical Staves
 y - a staff of air
Jewellery
 q - a ring of poison resistance
 v - a ring of willpower (right hand)
 B - a ring of positive energy
 C - a ring of resist corrosion (left hand)
Wands
 f - a wand of digging (2)
Scrolls
 d - 2 scrolls of fear
 e - 3 scrolls of teleportation {unknown}
 g - 2 scrolls of noise {unknown}
 h - 2 scrolls of brand weapon {unknown}
 i - a scroll of fog
 n - 2 scrolls of silence {unknown}
 p - 3 scrolls of identify {unknown}
 s - 2 scrolls of enchant weapon {unknown}
 u - a scroll of blinking {unknown}
 w - a scroll of immolation {unknown}
Potions
 o - 2 potions of attraction {unknown}
 r - a potion of brilliance {unknown}
 D - a potion of lignification {unknown}
 F - 2 potions of curing {unknown}
 G - a potion of might


   Skills:
 + Level 3.7 Fighting
 - Level 1.7 Dodging
 - Level 4.5 Stealth
 * Level 11.3 Unarmed Combat


You had 8 spell levels left.
You didn't know any spells.
Your spell library contained the following spells:

 Spells                   Type           Power      Damage    Failure   Level
 Dazzling Flash           Conj/Hex       0%         N/A       100%        3
 Gell's Gravitas          Tloc           0%         N/A       100%        3
 Teleport Other           Tloc           0%         N/A       100%        3
 Agony                    Necr           0%         N/A       100%        5
 Silence                  Hex/Air        0%         N/A       100%        5
 Dispersal                Tloc           0%         N/A       100%        6


Dungeon Overview and Level Annotations

Branches:
Dungeon (8/15)             Temple (0/1) D:5            Lair (0/5) D:8

Shops:
D:2 ((   D:5 (

Annotations:
D:2 1 runed translucent door, Crazy Yiuf
D:5 2 runed translucent doors


Innate Abilities, Weirdness & Mutations

You have an increased reservoir of magic. (+10% MP)
You shall have no god before yourself.
Your divine heritage dramatically boosts your attributes as you level up.


Message History

An orc warrior comes into view. It is wielding a +0 glaive.
Unknown command.
The orc warrior shouts!
The orc warrior unwields a +0 glaive.
The orc warrior wields a +0 arbalest.
The orc warrior shoots a bolt.
The bolt closely misses you.
Unknown command.
Unknown command.
The orc warrior shoots a bolt.
The bolt hits you.
The orc warrior unwields a +0 arbalest.
The orc warrior wields a +0 glaive.
The orc warrior hits you with a +0 glaive!
You hit the orc warrior.
The orc warrior is lightly wounded.
The orc warrior hits you with a +0 glaive!
You closely miss the orc warrior.
The orc warrior is lightly wounded.
The orc warrior hits you with a +0 glaive!
You punch the orc warrior!
The orc warrior is heavily wounded.
Unknown command.
You barely miss the orc warrior.
The orc warrior is heavily wounded.
The orc warrior hits you with a +0 glaive!!
* * * LOW HITPOINT WARNING * * *
Unknown command.
Unknown command.
Okay, then.
As you read the scroll of fear, it crumbles to dust.
You assume a fearsome visage.
The orc warrior looks frightened!
Cornered, the orc warrior turns to fight!
There is a large open door here.
You close the large door.
Something unseen opens the large door.
The orc warrior unwields a +0 glaive.
The orc warrior wields a +0 arbalest.
The orc warrior shoots a bolt.
The bolt closely misses you.
Items here: )) [[.
As you read the scroll of fog, it crumbles to dust.
The scroll dissolves into smoke.
You see here a bullfrog corpse.
The orc warrior shoots a bolt.
The bolt hits you!
You die...

..##.# #..#####......#
..##.# ##............#
####.# ######>......#
.[...# ####....#
######### ######
........##############
#######).............#
....# #.............§####
###)###.........@...§o§§#
#..............########§#
#..............# #§#
#............##########§#
#............#≈≈≈≈≈§§≈#§#
#............#≈...)§§≈#.#
#............#§.⌠##..≈#.#
#............# #..#..o.#
#............# #..#..'.#


You could see an orc warrior.

Vanquished Creatures
  A troll (D:6)
  A yak (D:6)
  A vampire mosquito (D:6)
  An orc warrior (D:7)
  2 ice beasts (D:7)
  A black bear (D:6)
  An ogre (D:5)
  3 centaurs
  2 phantoms
  2 bullfrogs
  4 necrophages
  A scorpion (D:4)
  4 wights
  2 hounds
  A jelly (D:7)
  A gnoll bouda (D:5)
  Terence (D:2)
  12 gnolls
  11 adders
  A river rat (D:8)
  4 ufetubi
  2 worms
  A dart slug (D:5)
  12 orcs
  6 endoplasms
  4 giant cockroaches
  5 goblins
  4 hobgoblins
  3 jackals (D:2)
  4 kobolds
  2 quokkas
  8 ball pythons
  8 bats
  A frilled lizard (D:3)
  6 rats
123 creatures vanquished.

Notes
Turn   | Place    | Note
-------+----------+-------------------------------------------
     0 | D:5      | drugrobin the Demigod Delver began the quest for the Orb.
     0 | D:5      | Reached XP level 1. HP: 18/18 MP: 3/3
     8 | D:5      | Found Xetir's Antique Weapon Shoppe.
    25 | D:4      | Noticed a scorpion
    92 | D:2      | Found Cuumuon's Weapon Shop.
   121 | D:2      | Noticed Terence
   236 | D:2      | Reached skill level 2 in Unarmed Combat
   236 | D:2      | Reached XP level 2. HP: 8/25 MP: 4/4
   246 | D:2      | Found Zuasabb's Antique Weapon Boutique.
   643 | D:1      | Reached skill level 3 in Unarmed Combat
  1062 | D:2      | Reached XP level 3. HP: 30/30 MP: 5/5
  1251 | D:2      | Killed Terence
  1252 | D:2      | Reached skill level 4 in Unarmed Combat
  1354 | D:2      | Reached XP level 4. HP: 24/37 MP: 6/6
  1943 | D:2      | Found a runed translucent door.
  1944 | D:2      | Noticed Crazy Yiuf
  2479 | D:3      | Reached skill level 5 in Unarmed Combat
  2703 | D:4      | Reached XP level 5. HP: 41/42 MP: 7/7
  3238 | D:4      | Reached skill level 6 in Unarmed Combat
  3238 | D:4      | Reached XP level 6. HP: 36/50 MP: 8/8
  3744 | D:5      | Found a staircase to the Ecumenical Temple.
  3856 | D:5      | Reached skill level 7 in Unarmed Combat
  3921 | D:5      | Found a large runed translucent door.
  3922 | D:5      | Found a large runed translucent door.
  4071 | D:5      | Reached XP level 7. HP: 42/56 MP: 9/9
  4342 | D:6      | Noticed a two-headed ogre
  4795 | D:6      | Noticed a yak
  4826 | D:6      | Killed a yak
  4827 | D:6      | Reached skill level 8 in Unarmed Combat
  5308 | D:6      | Reached skill level 9 in Unarmed Combat
  5318 | D:6      | Noticed a troll
  5347 | D:6      | Killed a troll
  5348 | D:6      | Reached XP level 8. HP: 25/62 MP: 10/10
  5540 | D:6      | HP: 3/62 [vampire mosquito (8)]
  5758 | D:6      | Reached skill level 10 in Unarmed Combat
  6275 | D:7      | Noticed a hornet
  7164 | D:8      | Found a staircase to the Lair.
  7171 | D:8      | Reached skill level 11 in Unarmed Combat
  7518 | D:7      | Reached XP level 9. HP: 37/68 MP: 11/11
  7689 | D:7      | HP: 2/71 [orc warrior/+0 glaive (21)]
  7710 | D:7      | Shot with a bolt by an orc warrior

Illustrated notes

Levels and vault maps discovered:
D:1:      mrwooster_arrival_statue, layout_basic,
          hellmonk_ecumenical_altar_inner_sanctum
D:2:      layout_loops_cross, serial_shops,
          nicolae_shop_temple_entry_statues_fountains,
          nicolae_shop_bloodbath_and_beyond, basic_altar,
          ebering_dispersal_statue_hall, uniq_terence, uniq_crazy_yiuf_cottage
D:3:      layout_rooms, mainiacjoe_overflow_small_starburst
D:4:      layout_loops_ring, grunt_gozag_breadcrumbs,
          mainiacjoe_overflow_concentric_impassable, kennysheep_mini_moat,
          mainiacjoe_overflow_brackets, mainiacjoe_overflow_swirl
D:5:      due_chaos_kobolds, layout_rooms, minmay_temple_entry_stoned_glass,
          serial_glass, glass_columns_c, glass_columns_a, serial_shops,
          nicolae_shop_trees
D:6:      layout_loops_cross, kb_rosetta
D:7:      layout_basic, cheibriados_altar_1, minmay_strange_pillars,
          kennysheep_generic_room_7
D:8:      layout_basic, dpeg_lair_monsters, fungi_pond_lemuel,
          serial_bayou_pond_c

Skill      XL: |  1  2  3  4  5  6  7  8 |
---------------+-------------------------+-----
Unarmed Combat | 2 3 4 5 6 7 9 11 | 11.3
Fighting       | 3 |  3.7
Dodging        | |  1.7
Stealth        | |  4.5

Action                     |  1- 3 |  4- 6 |  7- 9 || total
---------------------------+-------+-------+-------++-------
  Melee: Unarmed           |    72 |   209 |   226 ||   507
         Dagger            |    31 |    22 |    26 ||    79
   Fire: Sling             |     5 |     9 |    23 ||    37
  Throw: Boomerang         |       |    12 |    31 ||    43
         Throwing net      |       |     1 |       ||     1
         Dart              |       |       |     5 ||     5
  Evoke: Wand              |     1 |       |     8 ||     9
    Use: Scroll            |     2 |       |     4 ||     6
         Potion            |     2 |       |     3 ||     5
   Stab: Sleeping          |     7 |       |       ||     7
 Armour: Leather armour    |    13 |       |       ||    13
         Chain mail        |    28 |   103 |   134 ||   265
  Dodge: Dodged            |    49 |    68 |   102 ||   219
  Block: Buckler           |    17 |    34 |    42 ||    93

Table legend: (Time is in decaauts)
 A = Elapsed time spent in this place.
 B = Non-inter-level travel time spent in this place.
 C = Inter-level travel time spent in this place.
 D = Time resting spent in this place.
 E = Time spent auto-exploring this place.
 F = Levels seen in this place.
 G = Mean time per level.
                   A        B        C        D        E       F      G
               +--------+--------+--------+--------+--------+-----+--------+
         Total |   7661 |   7259 |    402 |   1341 |   3733 |   8 |  957.6 |
       Dungeon |   7661 |   7259 |    402 |   1341 |   3733 |   8 |  957.6 |
               +--------+--------+--------+--------+--------+-----+--------+

Top non-repeatable levels by time:
     D:6: 1739 daAuts
     D:2: 1311 daAuts
     D:7: 1275 daAuts
     D:5: 1084 daAuts
     D:4: 917 daAuts
     D:1: 728 daAuts
     D:3: 581 daAuts
     D:8: 22 daAuts
